[Event "GCT 11th Sinquefield Cup 2024"]
[Site "Saint Louis"]
[Date "2024.08.23"]
[Round "5.4"]
[White "Praggnanandhaa R"]
[Black "So, Wesley"]
[Result "1/2-1/2"]
[ECO "C54"]
[WhiteElo "2749"]
[BlackElo "2751"]
[Annotator "RC"]
[PlyCount "214"]
[EventDate "2024.08.09"]
[EventType "tourn"]
[EventCountry "USA"]
[SourceTitle "playchess.com"]
[Source "ChessBase"]
[SourceQuality "1"]
[TimeControl "7200+30"]

1. e4 e5 2. Nf3 Nc6 3. Bc4 Bc5 4. c3 Nf6 5. d3 d6 6. Bg5 h6 7. Bh4 a5 8. Nbd2 Ba7 9. O-O g5 10. Bg3 O-O 11. a3 Nh7 12. Kh1 h5 13. h4 Bg4 14. hxg5 Ne7 15. Qe1 Ng6 16. d4 Re8 17. Qe3 Kg7 18. Rae1 Qe7 19. Nh2 h4 20. Nxg4 hxg3 21. Nf3 Rh8 22. Kg1 exd4 23. cxd4 Ne5 24. Ngxe5 dxe5 25. Nxe5 Nxg5 26. Qxg3 Raf8 27. Rd1 f6 28. Nf3 Rh5 29. Nxg5 fxg5 30. Qe5+ Qxe5 31. dxe5 g4 32. Rd7+ Kh6 33. g3 Rxe5 34. Rxc7 Rxe4 35. Rxb7 Bc5 36. Bf7 Re2 37. Kg2 Bd4 38. Rd7 Rd2 39. b4 axb4 40. axb4 Rb8 41. b5 Kg5 42. Rd5+ Kf6 43. Bh5 Ke6 44. Rg5 Kf6 45. Rg6+ Kf5 46. Rxg4 Rxb5 47. Rf4+ Kg5 48. Bg4 Rb3 49. Kh3 Rbb2 50. Rf5+ Kg6 51. Kg2 Rb6 52. Rd5 Rbb2 53. Be2 Kf6 54. Re1 Ra2 55. Kf3 Kg6 56. Rd6+ Kg7 57. Rd7+ Kf6 58. Bc4 Ra5 59. Kg4 Rg5+ 60. Kh4 Re5 61. Rxe5 Kxe5 62. f4+ Kf5 63. Kh3 Bc3 64. Rf7+ Ke4 65. Kg4 Rg2 66. Rd7 Rg1 67. Rd3 Be1 68. Rb3 Kd4 69. Ba6 Bf2 70. Rf3 Be1 71. Bb7 Rh1 72. Kf5 Rh5+ 73. Kg4 Rh7 74. Ba6 Rg7+ 75. Kh3 Ke4 76. Kg2 Rd7 77. Rf1 Bd2 78. Rb1 Re7 79. Rb3 Rc7 80. Rb5 Re7 81. Bc8 Be1 82. Rb1 Bd2 83. Ra1 Rc7 84. Ra4+ Ke3 85. Bf5 Ke2 86. Re4+ Be3 87. Re8 Rc3 88. Bg6 Kd2 89. Rd8+ Ke1 90. Bd3 Kd2 91. Bb5+ Ke1 92. Bd3 Kd2 93. Bf5+ Ke1 94. Bg6 Ra3 95. Rd6 Bc5 96. Rd5 Be3 97. Kf3 Bd4+ 98. Ke4 Bb6 99. g4 Kf2 100. f5 Ra4+ 101. Ke5 Rxg4 102. Be8 Ke3 103. Bc6 Rd4 104. f6 Rxd5+ 105. Kxd5 Bd8 106. f7 Be7 107. f8=B Bxf8 1/2-1/2

[Event "GCT 11th Sinquefield Cup 2024"]
[Site "Saint Louis"]
[Date "2024.08.23"]
[Round "5.5"]
[White "Nepomniachtchi, Ian"]
[Black "Ding, Liren"]
[Result "1/2-1/2"]
[ECO "C88"]
[WhiteElo "2767"]
[BlackElo "2745"]
[Annotator "TA"]
[PlyCount "131"]
[EventDate "2024.08.09"]
[EventType "tourn"]
[EventCountry "USA"]
[SourceTitle "playchess.com"]
[Source "ChessBase"]
[SourceQuality "1"]
[TimeControl "7200+30"]

1. e4 e5 2. Nf3 Nc6 3. Bb5 a6 4. Ba4 Nf6 5. O-O Be7 6. Re1 b5 7. Bb3 O-O 8. h3 Bb7 9. d3 d5 10. exd5 Nxd5 11. Nbd2 Nd4 12. Nxd4 exd4 13. Qf3 Rb8 14. Ne4 c5 15. a4 Nf6 {[%emt 0:08:44][%cal Bd5f6,Bf6e4,Be4d2][%mdl 32] Strongly threatening ...Nxe4.} 16. axb5 Nxe4 17. bxa6 Nd2 $1 18. Qe2 {[%emt 0:00:06] Really sharp!} Nxb3 19. cxb3 Bd6 20. axb7 Rxb7 21. Qc2 Qd7 22. Bd2 Rfb8 {[%emt 0:00:04] [#]} 23. b4 $1 cxb4 24. Qb3 Bf8 25. Rac1 Rc7 26. Rxc7 Qxc7 27. Re4 Ra8 28. Bf4 (28. Bxb4 $2 {too greedy.} Qb8 29. Qd5 Bxb4 $19) 28... Bd6 29. g3 {[%emt 0:07:04] aiming for Qd5.} Bxf4 30. Rxf4 $11 {[%emt 0:01:29][%mdl 4096] Endgame. KQR-KQR} Ra1+ 31. Kh2 Qb7 {[%emt 0:00:04][%csl Gb7][%cal Ra1h1] Repels Re4} 32. Re4 $1 h6 33. Qc4 $40 {[%emt 0:01:06][%mdl 128] White has some attack.} (33. Rxd4 $2 Qh1#) 33... Rf1 34. Kg2 Rb1 35. Qxd4 f5 (35... Qc6 $11) 36. Qxb4 $16 Rxb2 37. Qxb7 Rxb7 {[%emt 0:00:03] KR-KR} 38. Rd4 Kf7 39. Kf3 Ke6 40. Ra4 Rb6 41. Ra5 Kf6 42. Rc5 Ra6 43. Ke3 g5 44. g4 f4+ 45. Ke4 Ra2 $1 46. Rc6+ Kg7 $1 47. Kf3 (47. f3 $16) 47... Rd2 $11 48. Rd6 Rd1 ({Black should play} 48... Kh7 $11) 49. Rd8 (49. Ke4 $14) 49... Rh1 {[%emt 0:01:22] The position is equal.} 50. Kg2 Rd1 51. d4 Rd3 52. Rd6 Kh7 53. Rd7+ Kg6 54. d5 Kf6 55. d6 Kg6 56. Rd8 Kg7 57. d7 Kh7 {[%emt 0:00:27] [#]} 58. h4 $1 gxh4 59. Rf8 (59. f3 {keeps more tension.} Kg7 60. Kh2 h3 61. Ra8) 59... Rxd7 (59... h3+ {seems wilder.} 60. Kh2 Rxd7 61. Rxf4 Rd3) 60. Kh3 Rd3+ 61. Kxh4 Rf3 62. g5 hxg5+ 63. Kxg5 Rxf2 64. Rf7+ Kg8 65. Rxf4 Rxf4 66. Kxf4 {[%emt 0:00:05] Weighted Error Value: White=0.08 (flawless) /Black=0.07 (flawless) .  Mistake:       	White=2     	Black=2      Inaccurate:     	White=3     	Black=2      OK:         	White=21    	Black=33     Best:        	White=1     	Black=1      Strong:       	White=1     	Black=3} 1/2-1/2

[Event "GCT 11th Sinquefield Cup 2024"]
[Site "Saint Louis"]
[Date "2024.08.25"]
[Round "6.1"]
[White "Ding, Liren"]
[Black "Praggnanandhaa R"]
[Result "1/2-1/2"]
[ECO "E94"]
[WhiteElo "2745"]
[BlackElo "2749"]
[Annotator "TA"]
[PlyCount "63"]
[EventDate "2024.08.09"]
[EventType "tourn"]
[EventCountry "USA"]
[SourceTitle "playchess.com"]
[Source "ChessBase"]
[SourceQuality "1"]
[TimeControl "7200+30"]

1. Nf3 Nf6 2. c4 g6 3. Nc3 Bg7 4. e4 d6 5. d4 O-O 6. Be2 e5 7. O-O exd4 8. Nxd4 Re8 9. f3 c6 10. Kh1 d5 11. cxd5 cxd5 12. Bg5 $1 {[%emt 0:01:22] Hoping for Nxd5.} Nc6 {[%emt 0:00:58] [#]} 13. Bb5 $1 {[%emt 0:04:13] White is more active. White is better.} h6 14. Nxc6 bxc6 15. Bxc6 {[%emt 0:00:03] Black must now prevent Bxf6.} hxg5 16. Bxa8 d4 17. Nd5 Ba6 18. Bc6 Re6 {[%emt 0:04:10] [#]} 19. Rc1 $1 Bxf1 20. Qxf1 Qb8 {[%emt 0:06:56] [#]} (20... g4 $14 {was preferrable.}) 21. Qb5 (21. b3 $1 $16) 21... Qxb5 $11 22. Bxb5 Nxd5 23. exd5 {[%emt 0:00:35][%mdl 4096] Endgame. KRB-KRB} Re5 24. Bc4 d3 {[%emt 0:00:15] The position is equal.} 25. Bxd3 Rxd5 26. Bc4 Bxb2 27. Bxd5 Bxc1 {[%emt 0:00:04] KB-KB} 28. g3 Kg7 29. Kg2 Kg8 30. Kh1 Kg7 31. Kg2 Kg8 32. Kh1 {[%emt 0:00:04] Weighted Error Value: White=0.12 (very precise) /Black=0.05 (flawless) .  Mistake:       	White=1     	Black=1      Inaccurate:     	White=1     	---        OK:         	White=3     	Black=11     Best:        	White=1     	Black=5      Strong:       	White=2     	---} 1/2-1/2

[Event "GCT 11th Sinquefield Cup 2024"]
[Site "Saint Louis"]
[Date "2024.08.25"]
[Round "6.2"]
[White "Gukesh D"]
[Black "Vachier-Lagrave, Maxime"]
[Result "1/2-1/2"]
[ECO "B90"]
[WhiteElo "2766"]
[BlackElo "2721"]
[Annotator "TA"]
[PlyCount "144"]
[EventDate "2024.08.09"]
[EventType "tourn"]
[EventCountry "USA"]
[SourceTitle "playchess.com"]
[Source "ChessBase"]
[SourceQuality "1"]
[TimeControl "7200+30"]

1. e4 c5 2. Nf3 d6 3. d4 cxd4 4. Nxd4 Nf6 5. Nc3 a6 6. Bd3 e5 7. Nde2 Nc6 8. Be3 Be6 9. f4 exf4 10. Nxf4 Ne5 11. O-O Be7 12. Bd4 Rc8 13. h3 O-O 14. Nce2 Bd7 15. Qe1 Bc6 16. Rd1 Re8 17. Ng3 g6 18. Bxa6 Nfd7 19. Bd3 Bh4 20. Nfe2 Nc5 21. Nc3 Ne6 22. Be3 Ng7 23. Be2 f5 24. Bf2 f4 25. Nh1 Bg5 26. Bd4 Bh4 27. Qd2 Ne6 28. Nf2 Nxd4 29. Qxd4 Qg5 30. Nd3 Bg3 31. Nxe5 dxe5 32. Qb6 Kh8 33. Bb5 Red8 34. Bxc6 bxc6 35. Ne2 Bh4 36. Rxd8+ Qxd8 37. Qxd8+ Rxd8 38. Rc1 Rd2 39. Kf1 g5 40. a4 h5 41. a5 g4 42. hxg4 hxg4 43. a6 f3 44. gxf3 gxf3 45. Nc3 Rh2 46. Kg1 Bg3 47. a7 $1 f2+ (47... Rg2+ $2 48. Kf1 Rf2+ 49. Ke1 Rh2+ 50. Kd1 $18) 48. Kf1 Rh1+ 49. Kg2 Rxc1 50. a8=Q+ (50. a8=B Rg1+ (50... f1=R $2 51. Bxc6 Rg1+ 52. Kf3 $19) 51. Kh3 f1=Q+ (51... f1=B+ $2 52. Kg4 $19) 52. Kg4 Be1+ 53. Kh5 Qh3#) 50... Kg7 51. Qb7+ (51. Kxg3 $2 f1=Q (51... f1=N+ $2 52. Kf2 $18) 52. Qb7+ Kg6 (52... Qf7 $2 53. Qxf7+ Kxf7 54. b3 $19) 53. Qxc6+ Kg5 $19) 51... Kg6 52. Qxc6+ (52. Kxg3 $2 f1=Q (52... f1=B 53. Qxc6+ Kh5 54. Nd5 $18) 53. Qxc6+ Kg5 $19) 52... Kg5 $1 53. Qc4 $1 (53. Kxg3 $2 {loses.} f1=Q (53... f1=R $2 54. Ne2 $18) 54. Qb5 Qg1+ (54... Qf4+ {leads to mate.} 55. Kg2 Rxc2+ 56. Qe2 Rxe2+ 57. Nxe2 Qxe4+ 58. Kf2 Kg4 59. Nc1 Qd4+ 60. Ke2 Qxb2+ 61. Ke3 Qxc1+ 62. Ke4 Qc5 63. Kd3 Kf3 64. Kd2 e4 65. Kd1 e3 66. Ke1 Qc1#) 55. Kf3 Rf1+ $19 (55... Rxc2 56. Qxe5+ Kg6 57. Qe6+ Kh7 58. Qh3+ Kg7 59. Ne2 $11) (55... Rxc2 56. Qxe5+ Kg6 57. Qe8+ Kh7 58. Qh5+ Kg8 59. Ne2 $11)) (53. Nd1 Rxd1 54. Qc4 Rg1+ (54... f1=Q+ $2 55. Qxf1 Rxf1 56. Kxf1 $19) 55. Kf3 f1=Q+ (55... f1=B $2 56. Qg8+ Kh6 57. Qe8 $18) 56. Qxf1 Rxf1+ 57. Ke3 Rb1 58. b3 Kg4 59. Kd3 Kf4 (59... Rd1+ 60. Kc4 Kf3 61. Kc5 Kxe4 62. Kc4 Kf3 63. b4 e4 64. b5 e3 65. b6 e2 66. b7 e1=Q 67. b8=Q Bxb8 68. Kb3 Rb1+ 69. Kc4 Rb4+ 70. Kc5 Qe7+ 71. Kd5 Qd6#) 60. c3 Rxb3 (60... Rd1+ 61. Kc2 Kxe4 62. b4 Rd8 63. b5 Kf3 64. c4 e4 65. c5 e3 66. c6 e2 67. c7 Bxc7 68. Kb3 e1=Q 69. Kc4 Qe4+ 70. Kb3 Qe3+ 71. Kc4 Rd4+ 72. Kc5 Qc3#) 61. Kc4 Rxc3+ 62. Kxc3 Kxe4 63. Kc4 Kf3 64. Kb4 e4 65. Kc3 e3 66. Kd4 e2 67. Kd5 e1=Q (67... e1=B $2 68. Kd4 $19) 68. Kc5 Qa5+ 69. Kc6 Qf5 70. Kb6 Qd5 71. Ka6 Qc6+ 72. Ka7 Qb5 73. Ka8 Qb8#) 53... Rg1+ (53... f1=R $2 {perishes.} 54. Kxg3 Rf8 55. Qc5 $18) 54. Kh3 $1 f1=Q+ 55. Qxf1 Rxf1 56. Kxg3 Rc1 57. Kf3 (57. Nd5 $11 {remains equal.}) 57... Rxc2 $17 58. Nd1 Rd2 59. Nf2 Rxb2 60. Nd3 Rb5 61. Ke3 Kg4 62. Ke2 Ra5 63. Ke3 Ra3 ({Better is} 63... Kg5 $17 64. Kf2 Kf6) 64. Ke2 {[%emt 0:00:05] [#]} (64. Kd2 $1 $11 {was the only way to keep the balance.}) 64... Rxd3 $2 (64... Ra2+ $1 $17 65. Ke3 Ra5 (65... Ra3 $2 66. Ke2 $17)) 65. Kxd3 $11 Kf3 (65... Kf4 $5) 66. Kd2 Kxe4 67. Ke2 Kd4 68. Kd2 e4 69. Ke2 e3 (69... Kc3 $5) 70. Ke1 Kd3 71. Kd1 e2+ 72. Ke1 Ke3 1/2-1/2

[Event "GCT 11th Sinquefield Cup 2024"]
[Site "Saint Louis"]
[Date "2024.08.25"]
[Round "6.3"]
[White "So, Wesley"]
[Black "Firouzja, Alireza"]
[Result "1/2-1/2"]
[ECO "D91"]
[WhiteElo "2751"]
[BlackElo "2751"]
[Annotator "TA"]
[PlyCount "64"]
[EventDate "2024.08.09"]
[EventType "tourn"]
[EventCountry "USA"]
[SourceTitle "playchess.com"]
[Source "ChessBase"]
[SourceQuality "1"]
[TimeControl "7200+30"]

1. d4 Nf6 2. c4 g6 3. Nc3 d5 4. Bg5 Bg7 5. Nf3 Ne4 6. Bf4 O-O 7. e3 c5 8. cxd5 Bf5 9. Be5 Nxc3 10. bxc3 Qxd5 11. Qb3 Qxb3 12. axb3 Nd7 13. Bxg7 Kxg7 14. Bb5 Nf6 15. dxc5 a6 {[%emt 0:01:14] The position is equal.} 16. Bc4 Ne4 17. b4 a5 {[%emt 0:04:30] [#] And now ...axb4 would win.} 18. O-O Nxc3 19. bxa5 {[%emt 0:03:31] Strongly threatening Rfc1.} Rfc8 20. Rfc1 Ne4 21. Bd5 Rxc5 22. Bxb7 Raxa5 23. Nd4 Rxa1 24. Rxa1 Nd6 25. Nxf5+ Rxf5 $11 {[%emt 0:00:22][%mdl 4096] Endgame. KRB-KRN} 26. Bf3 Rc5 27. g3 Rc7 28. h4 h5 29. Rd1 Rc5 30. Ra1 Rc7 31. Rd1 Rc5 32. Ra1 Rc7 {[%emt 0:00:04] An interesting draw.   Weighted Error Value: White=0.04 (flawless) /Black=0.04 (flawless) .  Inaccurate:     	White=2     	Black=1      OK:         	White=8     	Black=9      Best:        	---       	Black=3} 1/2-1/2

[Event "GCT 11th Sinquefield Cup 2024"]
[Site "Saint Louis"]
[Date "2024.08.25"]
[Round "6.4"]
[White "Nepomniachtchi, Ian"]
[Black "Caruana, Fabiano"]
[Result "0-1"]
[ECO "B76"]
[WhiteElo "2767"]
[BlackElo "2793"]
[Annotator "TA"]
[PlyCount "50"]
[EventDate "2024.08.09"]
[EventType "tourn"]
[EventCountry "USA"]
[SourceTitle "playchess.com"]
[Source "ChessBase"]
[SourceQuality "1"]
[TimeControl "7200+30"]

1. e4 c5 2. Nf3 g6 3. d4 cxd4 4. Nxd4 Bg7 5. Nc3 Nc6 6. Be3 Nf6 7. Bc4 O-O 8. Bb3 d6 9. f3 Qa5 10. Qd3 Ne5 11. Qd2 Bd7 {[%emt 0:00:45] The position is equal.} 12. O-O-O Rfc8 13. Kb1 (13. Rhe1 $5) 13... Nc4 14. Bxc4 Rxc4 15. g4 Be6 (15... Rac8 {feels hotter.} 16. g5 Ne8 17. Nd5 Qd8) 16. Nb3 Qa6 17. Bd4 Rac8 {[%emt 0:01:55][%cal Of6e4] ...Nxe4! would now be deadly.} 18. g5 $2 {[%emt 0:00:06] [#]} (18. Qg5 $11 {and White is okay.}) 18... Nxe4 $1 $19 19. fxe4 {[%emt 0:17:14] [#] Strongly threatening Bxg7.} (19. Nxe4 $2 {too greedy.} Rxd4 (19... Rxc2 20. Qd3 $11) 20. Qxd4 (20. Nxd4 $2 Qxa2+ 21. Kc1 Qa1#) 20... Bxd4 (20... Bxb3 $2 21. axb3 Bxd4 22. Rxd4 $19) 21. Rxd4 h5 $19) 19... Bxd4 20. Nxd4 {[%emt 0:00:06] [#]} Rxc3 $1 21. a3 {[%emt 0:00:33] [#]} (21. Nxe6 Rxc2) 21... Qc4 22. b3 (22. Qxc3 $2 {loses.} Qa2+ 23. Kc1 Rxc3 24. bxc3 Qxa3+ 25. Kd2 Bc4 $19) (22. Nxe6 $142 Rxc2 23. Qd5 fxe6 24. Qxb7) 22... Qc5 23. Rc1 $2 (23. a4 {was worth a try.}) 23... Qxa3 {[%emt 0:05:28] Black is clearly winning.} 24. h4 R8c5 {[%emt 0:03:07][%cal Oc5a5] ( -> ...Ra5!)} 25. Rcf1 {[%emt 0:00:50] [#]} Bxb3 $1 {[%emt 0:00:29][%mdl 512] Weighted Error Value: White=0.73/Black=0.04 (flawless) .  Loses game:     	White=1     	---        Mistake:       	White=2     	---        Inaccurate:     	White=4     	Black=1      OK:         	White=1     	Black=7      Best:        	---       	Black=2      Brilliant:      	---       	Black=2} 0-1

[Event "GCT 11th Sinquefield Cup 2024"]
[Site "Saint Louis"]
[Date "2024.08.25"]
[Round "6.5"]
[White "Giri, Anish"]
[Black "Abdusattorov, Nodirbek"]
[Result "1/2-1/2"]
[ECO "A24"]
[WhiteElo "2746"]
[BlackElo "2762"]
[Annotator "TA"]
[PlyCount "112"]
[EventDate "2024.08.09"]
[EventType "tourn"]
[EventCountry "USA"]
[SourceTitle "playchess.com"]
[Source "ChessBase"]
[SourceQuality "1"]
[TimeControl "7200+30"]

1. Nf3 Nf6 2. g3 g6 3. Bg2 Bg7 4. c4 d6 5. O-O O-O 6. Nc3 e5 7. d3 Bd7 8. b4 Qc8 9. Bg5 Bh3 10. Qd2 Bxg2 11. Kxg2 Nh5 12. Rac1 f5 13. Bh6 Bxh6 14. Qxh6 Qd7 15. b5 f4 16. h3 c6 17. e3 fxg3 18. fxg3 Qe7 19. bxc6 bxc6 20. c5 dxc5 21. Qg5 Qxg5 22. Nxg5 Nd7 23. Nce4 Ng7 24. Rxf8+ Rxf8 25. Nxc5 Nxc5 26. Rxc5 Rd8 27. Rc3 Nf5 28. Kf2 Rf8 29. g4 (29. Rxc6 $2 Nd4+ 30. Ke1 Nxc6 $19) 29... Ne7+ 30. Ke2 Rb8 {[%emt 0:00:38] [#]} 31. Ra3 $1 Rb7 32. e4 c5 33. Ra5 Rb2+ 34. Ke3 Rc2 35. Ra6 (35. Rxa7 $6 Nc6 36. Ra8+ (36. Rxh7 Nd4) 36... Kg7 $14) 35... c4 36. Nf3 (36. Rxa7 Nc6 37. Ra8+ (37. Rxh7 c3 $11) 37... Kg7 $16) 36... Kf8 37. g5 c3 (37... Nc8 $16 38. Nxe5 cxd3 39. Nxd3 (39. Kxd3 Rh2 $16) 39... Rg2) 38. Nxe5 Rh2 39. Ra5 (39. Rxa7 Nc6 40. Nxc6 c2 41. Ra8+ Kg7 42. Ra7+ Kf8 43. Ra8+ Kg7 44. Ra7+ Kf8 $11) 39... Rxh3+ 40. Nf3 (40. Kf4 $18) 40... h6 $16 41. gxh6 (41. Rxa7 Nc6 42. Rc7 Ne5 43. gxh6 (43. Rc8+ Ke7 $17) 43... Nxf3 44. Rxc3 Ne5+ 45. Kd4 Nf7 $11) 41... c2 42. Rc5 (42. Rxa7 c1=Q+ (42... c1=B+ 43. Ke2 $17) 43. Ke2 Qc2+ (43... Qxh6 44. Ra8+ Kg7 45. Ra3 Qf4 46. d4 Qxe4+ 47. Kd2 Rg3 48. Re3 Rg2+ 49. Kc3 Qxe3+ 50. Kb4 Rb2+ 51. Kc4 Qc1+ 52. Kd3 Qc2+ 53. Ke3 Nd5#) (43... Rxh6 $2 44. Rb7 $19) 44. Ke3 Qc5+ (44... Rxh6 $2 45. Ra6 $19) 45. Ke2 Qxa7 (45... Qc2+ 46. Ke3 Qc5+ 47. Kf4 g5+ 48. Kg4 Qc8+ 49. Rd7 Qxd7+ 50. Kxg5 Nd5 51. exd5 Rxf3 52. Kh4 Qf5 53. d6 Rh3#) 46. a3 Qb6 (46... Qxa3 47. h7 Qb2+ 48. Ke3 Rxh7 49. e5 Nf5+ 50. Ke4 Qe2+ 51. Kd5 Qxf3+ 52. Kc4 Qc6+ 53. Kb3 Rb7+ 54. Ka3 Qa6#) (46... Rxh6 47. a4 Qc5 48. Kd2 Qf2+ 49. Kc3 Rh1 50. Nd4 Rc1+ 51. Nc2 Qxc2+ 52. Kb4 Nc6+ 53. Kb5 Rb1+ 54. Ka6 Qxa4#) 47. h7 Qb2+ (47... Rxh7 48. a4 Qb2+ 49. Ke3 Rh3 50. a5 Nc6 51. e5 Qg2 52. d4 Qxf3+ 53. Kd2 Rh2+ 54. Ke1 Qh1#) 48. Ke3 Rxh7 (48... Qxa3 49. Kf4 Qc1+ 50. Kg4 Qh6 51. h8=Q+ Qxh8 52. Kf4 Qf6+ 53. Ke3 Rxf3+ 54. Ke2 Rf2+ 55. Ke1 Qf3 56. e5 Qe2#) 49. a4 Qc1+ 50. Kf2 Rh3 51. a5 Qf4 52. Ke2 Qxf3+ (52... Rxf3 53. d4 Qe3+ 54. Kd1 Rf2 55. e5 Qd2#) 53. Kd2 Qxd3+ 54. Kc1 Rh2 55. e5 Qf1#) 42... g5 43. Kf2 (43. Rxc2 g4 44. Kf4 (44. Rf2 $2 Ke8 $19) 44... gxf3 $17 (44... Rxf3+ 45. Kxg4 Rf6 46. Kh5 $11)) 43... g4 44. Nd4 (44. Ne1 $16) 44... Ng6 45. Nxc2 Rxd3 (45... Rf3+ $14 46. Ke2 Nf4+ 47. Kd2 Rxd3+ 48. Ke1 Kg8) 46. Rf5+ (46. Rg5 $18 Rf3+ 47. Ke2) 46... Kg8 $14 47. Rg5 Kh7 48. Ne3 (48. Rxg4 $2 {is the wrong capture.} Rd2+ (48... Kxh6 49. Rg2 $14) 49. Ke3 Rxc2 $19) 48... Kxh6 49. Rxg4 Rd2+ 50. Ke1 Rxa2 51. Nf5+ Kh5 52. Rg3 Ra4 53. Ng7+ Kh6 54. Nf5+ Kh5 55. Ng7+ Kh6 56. Nf5+ Kh5 1/2-1/2

[Event "GCT 11th Sinquefield Cup 2024"]
[Site "Saint Louis"]
[Date "2024.08.26"]
[Round "7.1"]
[White "Vachier-Lagrave, Maxime"]
[Black "Giri, Anish"]
[Result "1/2-1/2"]
[ECO "C67"]
[WhiteElo "2721"]
[BlackElo "2746"]
[Annotator "TA"]
[PlyCount "64"]
[EventDate "2024.08.09"]
[EventType "tourn"]
[EventCountry "USA"]
[SourceTitle "playchess.com"]
[Source "ChessBase"]
[SourceQuality "1"]
[TimeControl "7200+30"]

1. e4 e5 2. Nf3 Nc6 3. Bb5 Nf6 4. O-O Nxe4 5. d4 Nd6 6. Bxc6 dxc6 7. dxe5 Nf5 8. Qxd8+ Kxd8 9. Nc3 Be7 10. h3 Nh4 {[%emt 0:00:14] aiming for ...Nxf3+.} 11. Nxh4 Bxh4 12. Re1 {[%emt 0:00:27] The position is equal.} a5 13. Be3 Be7 14. Rad1+ Ke8 15. Ne2 a4 16. Nd4 Ra5 17. e6 Bd6 {[%emt 0:03:54] Repels Bf4} 18. exf7+ Kxf7 19. Nf3 Re8 20. Bd4 Rxe1+ 21. Rxe1 Rf5 22. b3 axb3 23. axb3 c5 24. Ne5+ Kg8 25. Bb2 Rf8 26. Nc4 Bf5 27. Nxd6 cxd6 $11 {[%emt 0:00:02] KRB-KRB} 28. Re7 Rf7 29. Re8+ Rf8 30. Re7 Rf7 31. Re8+ Rf8 32. Re7 Rf7 {[%emt 0:00:03] A rather calm draw.   Weighted Error Value: White=0.01 (flawless) /Black=0.01 (flawless) .  OK:         	White=11    	Black=11     Best:        	---       	Black=2} 1/2-1/2

[Event "GCT 11th Sinquefield Cup 2024"]
[Site "Saint Louis"]
[Date "2024.08.26"]
[Round "7.2"]
[White "Abdusattorov, Nodirbek"]
[Black "So, Wesley"]
[Result "1-0"]
[ECO "E42"]
[WhiteElo "2762"]
[BlackElo "2751"]
[Annotator "TA"]
[PlyCount "75"]
[EventDate "2024.08.09"]
[EventType "tourn"]
[EventCountry "USA"]
[SourceTitle "playchess.com"]
[Source "ChessBase"]
[SourceQuality "1"]
[TimeControl "7200+30"]

1. d4 Nf6 2. c4 e6 3. Nc3 Bb4 4. e3 c5 5. Nge2 d5 6. a3 Ba5 {[%emt 0:00:05] outshines the older 6...Bxc3+.} 7. dxc5 dxc4 {[%emt 0:00:04] E42: Nimzo-Indian: Rubinstein: 4...c5 5 Ne2.} 8. Bd2 O-O 9. Ng3 b6 10. Bxc4 bxc5 11. O-O Nbd7 12. Qc2 Bb7 13. Rfd1 h5 14. h3 $5 $146 {[%emt 0:07:00][%mdl 8] New and interesting.} ({Predecessor:} 14. Nge4 Rb8 15. Rab1 Qc7 16. Ng5 Ba8 17. Bf1 c4 18. Ne2 Rb5 19. Bxa5 Rxa5 20. h4 {½-½ Giri,A (2764)-Duda,J (2731) Meltwater Tour Final rapid 2022 (3.2)}) 14... h4 15. Nge4 Nxe4 16. Nxe4 Bxe4 17. Qxe4 Nf6 18. Qc2 (18. Qxh4 Bxd2 19. Ra2 Qa5 $15) 18... Qb6 19. Qa4 Bxd2 20. Rxd2 Rad8 {[%emt 0:22:04] [#]} 21. Rc2 $1 Qb7 22. Be2 Qe4 23. Rc4 (23. Qxa7 $2 Qxc2 24. Qa6 Rd2 $19 (24... Qxb2 $2 25. Rf1 $19)) 23... Qf5 (23... Qg6 $16) 24. Rac1 $18 (24. Qxa7 Ne4 25. Rf1 Nd2 $16) (24. Rxh4 $6 Rd2 25. Bf3 Qe5 $16) 24... Rd2 25. Rxc5 e5 26. R5c2 Rfd8 27. Qa5 Ne4 $2 (27... R2d7 28. b4 Qe6) 28. Bf3 (28. Qxa7 Qxf2+ 29. Kh2 Qxe2 $19 (29... Rxe2 $2 30. Rxe2 Qxe2 31. Qe7 $19)) 28... R8d6 29. Qb4 (29. Qxa7 Ng5 (29... Nxf2 $2 30. Rxd2 Rxd2 31. Rf1 $18) 30. Rxd2 (30. Qa8+ Kh7 $16) 30... Nxf3+ 31. gxf3 Rxd2 32. Qb8+ Kh7 $18) 29... Rxc2 30. Rxc2 Ng5 31. Qxd6 Nxf3+ 32. gxf3 Qxc2 33. Qb8+ Kh7 34. Qxe5 (34. Qxa7 Qb1+ 35. Kg2 Qg6+ 36. Kh2 Qc2 $14) 34... g6 (34... Qg6+ $142 35. Kh2 Qb6 36. Qe4+ Kg8 37. Qe8+ (37. Qxh4 Qxb2 38. a4 Qc2 $18) 37... Kh7 38. Qxf7 Qxb2 39. Qh5+ (39. Qxa7 Qxf2+ 40. Kh1 Qxf3+ 41. Kg1 Qg3+ 42. Kf1 Qxh3+ 43. Ke1 Qg3+ 44. Ke2 Qg2+ 45. Ke1 h3 $11) 39... Kg8 40. Qe8+ (40. Qxh4 Qxa3 41. Qc4+ Kh7 $16) 40... Kh7) 35. Qd4 Kg8 36. Qd8+ Kg7 37. Qxh4 Qxb2 (37... Qc7 $142 38. Qb4 Qe5) 38. Qd4+ 1-0

[Event "GCT 11th Sinquefield Cup 2024"]
[Site "Saint Louis"]
[Date "2024.08.26"]
[Round "7.3"]
[White "Praggnanandhaa R"]
[Black "Nepomniachtchi, Ian"]
[Result "1/2-1/2"]
[ECO "C42"]
[WhiteElo "2749"]
[BlackElo "2767"]
[Annotator "TA"]
[PlyCount "37"]
[EventDate "2024.08.09"]
[EventType "tourn"]
[EventCountry "USA"]
[SourceTitle "playchess.com"]
[Source "ChessBase"]
[SourceQuality "1"]
[TimeControl "7200+30"]

1. e4 e5 2. Nf3 Nf6 3. Nxe5 d6 4. Nf3 Nxe4 5. d4 d5 6. Bd3 Bd6 7. O-O O-O 8. c4 c6 9. Re1 Bg4 10. h3 Bh5 11. Bxe4 dxe4 12. Rxe4 Nd7 13. Nc3 h6 14. Re1 f5 15. Qd3 Nc5 16. Qc2 (16. dxc5 $2 {loses.} Bh2+ 17. Kxh2 Qxd3 $19) 16... Nd7 17. Qd3 Nc5 18. Qc2 (18. dxc5 $2 {too greedy.} Bh2+ 19. Kxh2 Qxd3 $19) 18... Nd7 19. Qd3 {[%emt 0:13:52] Weighted Error Value: White=0.17 (very precise) /Black=0.05 (flawless) .  Mistake:       	White=1     	---        OK:         	White=1     	Black=4} (19. Re3 $14) 1/2-1/2